Columbus Blue Jackets vs Las Vegas Golden Knights

Created - dimanche 10 février 2019 at 04:41

Goals
1 2 3 T
Columbus Blue Jackets 1 0 0 1
Las Vegas Golden Knights 1 0 3 4
Shots
1 2 3 T
Columbus Blue Jackets 6 6 11 23
Las Vegas Golden Knights 15 7 13 35

1st period

1. Las Vegas Golden Knights , Steven Stamkos 18 (David Perron 19, William Karlsson 27) at 7:30
2. Columbus Blue Jackets , Jamie Benn 22 (Artemi Panarin 23) at 12:22 (PP)

Penalties :
Dustin Byfuglien (LVK) for Holding (Minor) at 12:19

2nd period

No Goal

Penalties :
David Krejci (CBJ) for Hooking (Minor) at 3:06

3rd period

3. Las Vegas Golden Knights , Steven Stamkos 19 (Dustin Byfuglien 15, William Karlsson 28) at 5:37
4. Las Vegas Golden Knights , Kyle Turris 12 (Chris Kreider 18) at 7:19
5. Las Vegas Golden Knights , Alex Tuch 11 (Shea Theodore 9, Haydn Fleury 2) at 11:27

Penalties :
Steven Stamkos (LVK) for Hooking (Minor) at 2:22, Pierre-Luc Dubois (LVK) for Hooking (Minor) at 8:25, Devante Smith-Pelly (CBJ) for High sticking (Minor) at 17:09

Goalie Stats

Sergei Bobrovsky (CBJ), 31 saves from 35 shots - (0.886), L, 30-14-8, 60:00 minutes
Marc-Andre Fleury (LVK), 22 saves from 23 shots - (0.957), W, 25-18-5, 60:00 minutes

Players Stats for Columbus Blue Jackets

Player Name              G  A  P  +/- PIM S  H  SB GA TA FO     MP     PP MP  PK MP  
------------------------------------------------------------------------------------
Alexander Wennberg       0  0  0   0  0   2  2  1  1  0  5/10   14:13   0:00   0:27 
Antoine Vermette         0  0  0  -1  0   0  1  1  0  1  5/6    12:05   0:00   1:31 
Artemi Panarin           0  1  1  -1  0   4  0  1  1  1  0/1    17:10   2:02   1:09 
Boone Jenner             0  0  0   0  0   2  5  0  1  0  0/2    17:34   1:59   2:00 
Christopher Tanev        0  0  0  -2  0   0  1  2  0  0  0/0    19:24   0:00   1:46 
Dan Girardi              0  0  0  -2  0   0  1  2  0  0  0/0    21:54   1:52   1:54 
David Krejci             0  0  0  -2  2   2  2  0  2  1  5/12   16:32   1:59   0:00 
Devante Smith-Pelly      0  0  0  -1  2   1  0  0  0  0  0/1    12:35   0:00   1:00 
Jack Johnson             0  0  0  -2  0   1  1  3  0  0  0/0    20:31   1:52   0:00 
Jamie Benn               1  0  1  -1  0   3  1  1  0  0  14/23  16:09   2:02   0:18 
Justin Braun             0  0  0  -2  0   0  2  0  0  1  0/0    19:54   0:00   2:08 
Kevin Hayes              0  0  0   0  0   1  4  0  0  0  0/1    16:17   1:59   0:00 
Lukas Sedlak             0  0  0  -1  0   0  6  1  0  2  0/0    12:05   0:00   1:31 
Markus Nutivaara         0  0  0   0  0   1  1  1  1  0  0/0    18:21   2:09   0:18 
Mike Hoffman             0  0  0  -3  0   5  2  2  1  1  0/2    18:55   2:02   0:00 
Ryan Murray              0  0  0   0  0   0  0  1  0  0  0/0    19:32   2:09   1:50 
Stefan Noesen            0  0  0  -2  0   1  5  0  0  0  1/1    14:03   0:00   0:00 
Vinnie Hinostroza        0  0  0   0  0   0  0  0  0  0  0/1     8:46   0:00   0:00 

Players Stats for Las Vegas Golden Knights

Player Name              G  A  P  +/- PIM S  H  SB GA TA FO     MP     PP MP  PK MP  
------------------------------------------------------------------------------------
Alex Tuch                1  0  1   1  0   2  2  0  0  0  1/1    13:05   0:00   0:00 
Chris Kreider            0  1  1   1  0   4  5  0  0  0  1/2    16:10   1:39   0:00 
Cody Eakin               0  0  0   1  0   1  4  0  0  0  9/14   15:06   0:08   1:50 
David Perron             0  1  1   1  0   3  5  1  1  0  0/2    16:48   2:11   0:00 
Dustin Byfuglien         0  1  1   3  2   1  2  2  0  1  0/0    26:03   1:32   2:04 
Haydn Fleury             0  1  1   2  0   0  0  0  0  1  0/0    19:28   2:00   1:54 
Kevin Connauton          0  0  0   0  0   0  6  2  0  0  0/0    16:43   1:58   0:03 
Kyle Turris              1  0  1   1  0   3  0  0  1  1  7/14   15:52   1:39   0:00 
Marc Staal               0  0  0   2  0   2  1  0  0  2  0/0    23:12   0:08   2:07 
Matt Nieto               0  0  0   1  0   0  0  0  0  1  0/1    16:14   0:08   1:50 
Nate Schmidt             0  0  0   0  0   1  0  3  0  0  0/0    16:46   0:00   1:54 
Oscar Lindberg           0  0  0   0  0   2  4  0  1  0  1/2     9:33   0:00   0:00 
Pierre-Luc Dubois        0  0  0   1  2   1  1  0  0  0  1/1    15:20   2:11   0:00 
Shea Theodore            0  1  1   1  0   1  2  0  1  1  0/0    16:30   2:18   0:00 
Steven Stamkos           2  0  2   2  2   7  1  0  2  0  10/17  17:31   2:11   0:00 
Tomas Nosek              0  0  0   0  0   1  5  0  0  0  0/1     9:33   0:00   0:00 
Wade Megan               0  0  0   1  0   0  0  0  0  0  0/1    13:04   0:00   2:11 
William Karlsson         0  2  2   2  0   6  0  0  1  0  0/4    18:58   1:47   2:11 

3 Stars

1 - Steven Stamkos (LVK)
2 - Alex Tuch (LVK)
3 - William Karlsson (LVK)

Power Play

Columbus Blue Jackets - 1 on 3 Attempt(s) - 33.33%
Las Vegas Golden Knights - 0 on 2 Attempt(s) - 0.00%

Penalty Kill

Columbus Blue Jackets - 2 on 2 Attempt(s) - 100.00% - Score 0 goal in Penalty Kill
Las Vegas Golden Knights - 2 on 3 Attempt(s) - 66.67% - Score 0 goal in Penalty Kill

Team Stat

Columbus Blue Jackets - Hits : 34 - Faceoff Wins : 30 - Blocked Shots : 16 - Penalty Minutes : 4
Las Vegas Golden Knights - Hits : 38 - Faceoff Wins : 30 - Blocked Shots : 8 - Penalty Minutes : 6

Official

Referees : Jon McIsaac and Kendrick Nicholson
Linesman : Steve Barton and David Brisebois

Game Notes

Vinnie Hinostroza is injured at 17:14 of 2nd period (Right Hand)

Finance

Level 1 -- Attendance: 10000 (100.00%) -- Ticket Income fr. 800'000
Level 2 -- Attendance: 1903 (95.15%) -- Ticket Income fr. 123'695
Level 3 -- Attendance: 2726 (77.89%) -- Ticket Income fr. 95'410
Level 4 -- Attendance: 1311 (90.41%) -- Ticket Income fr. 26'220
Luxury Box -- Attendance: 50 (100.00%) -- Ticket Income fr. 10'000
Game was played at the T-Mobile Arena.
Total Attendance: 15990 (94.06%)
Total Ticket Income: fr. 1'055'325
Total Income: fr. 1'055'325

Columbus Blue Jackets

5 vs 5 Forward 
   Center                   Left Wing                Right Wing               Time % Phy DF OF 
 1 Jamie Benn               Artemi Panarin           Kevin Hayes              28     0   2  3  
 2 David Krejci             Mike Hoffman             Stefan Noesen            27     0   2  3  
 3 Alexander Wennberg       Boone Jenner             Vinnie Hinostroza        25     0   2  3  
 4 Antoine Vermette         Lukas Sedlak             Devante Smith-Pelly      20     0   3  2  

5 vs 5 Defense 
   Defense                  Defense                                           Time % Phy DF OF 
 1 Christopher Tanev        Dan Girardi                                       35     1   3  1  
 2 Justin Braun             Jack Johnson                                      35     1   3  1  
 3 Ryan Murray              Markus Nutivaara                                  30     0   4  1  
 4 Jack Johnson             Ryan Murray                                       0      3   1  1  

PowerPlay Forward 
   Center                   Left Wing                Right Wing               Time % Phy DF OF 
 1 Jamie Benn               Artemi Panarin           Mike Hoffman             50     0   0  5  
 2 David Krejci             Boone Jenner             Kevin Hayes              50     0   0  5  

PowerPlay Defense
   Defense                  Defense                                           Time % Phy DF OF 
 1 Jack Johnson             Dan Girardi                                       50     0   1  4  
 2 Ryan Murray              Markus Nutivaara                                  50     0   1  4  

Penalty Kill 4 Players Forward 
   Center                   Wing                     Time % Phy DF OF 
 1 Antoine Vermette         Lukas Sedlak             50     0   4  1  
 2 Boone Jenner             Devante Smith-Pelly      50     0   4  1  

Penalty Kill 4 Players Defense
   Defense                  Defense                  Time % Phy DF OF 
 1 Christopher Tanev        Ryan Murray              50     0   5  0  
 2 Dan Girardi              Justin Braun             50     0   5  0  

Penalty Kill - 3 Players Forward 
   Forward                                           Time % Phy DF OF 
 1 Antoine Vermette                                  50     0   5  0  
 2 Alexander Wennberg                                50     0   5  0  

Penalty Kill - 3 Players Defense
   Defense                  Defense                  Time % Phy DF OF 
 1 Jack Johnson             Christopher Tanev        50     0   5  0  
 2 Ryan Murray              Justin Braun             50     0   5  0  

4 vs 4 Forward 
   Center                   Wing                     Time % Phy DF OF 
 1 Alexander Wennberg       Vinnie Hinostroza        50     0   3  2  
 2 Antoine Vermette         Stefan Noesen            50     0   3  2  

4 vs 4 Defense
   Defense                  Defense                  Time % Phy DF OF 
 1 Justin Braun             Ryan Murray              50     0   4  1  
 2 Christopher Tanev        Jack Johnson             50     0   4  1  

Last Minutes Offensive
   Center                   Left Wing                Right Wing               Defense                  Defense                  
   Jamie Benn               Artemi Panarin           Mike Hoffman             Jack Johnson             Markus Nutivaara         

Last Minutes Defensive
   Center                   Left Wing                Right Wing               Defense                  Defense                  
   Alexander Wennberg       Kevin Hayes              Stefan Noesen            Christopher Tanev        Justin Braun             

Goaltenders
Starting : Sergei Bobrovsky         
Backup : Calvin Pickard           

Extra Forwards
Normal : Mike Hoffman, Kevin Hayes, Devante Smith-Pelly - PP : Stefan Noesen, Vinnie Hinostroza - PK : Boone Jenner
Extra Defensemen
Normal : Justin Braun, Christopher Tanev, Ryan Murray - PP : Jack Johnson - PK : Dan Girardi, Markus Nutivaara
Penalty Shots
Jamie Benn, Artemi Panarin, Mike Hoffman, Kevin Hayes, Antoine Vermette
Custom OT Lines Forwards
Jamie Benn, Artemi Panarin, Mike Hoffman, Vinnie Hinostroza, Boone Jenner, Stefan Noesen, Devante Smith-Pelly, Alexander Wennberg, Kevin Hayes, Antoine Vermette
Custom OT Lines Defensemen
Jack Johnson, Justin Braun, Dan Girardi, Markus Nutivaara, Christopher Tanev

Scratches
Scott Harrington (Healthy), Zac Dalpe (Healthy), Tim Heed (Healthy)

Las Vegas Golden Knights

5 vs 5 Forward 
   Center                   Left Wing                Right Wing               Time % Phy DF OF 
 1 Steven Stamkos           David Perron             William Karlsson         31     0   1  4  
 2 Kyle Turris              Chris Kreider            Matt Nieto               29     0   2  3  
 3 Cody Eakin               Pierre-Luc Dubois        Alex Tuch                25     0   2  3  
 4 Oscar Lindberg           Wade Megan               Tomas Nosek              15     0   4  1  

5 vs 5 Defense 
   Defense                  Defense                                           Time % Phy DF OF 
 1 Marc Staal               Shea Theodore                                     30     0   3  2  
 2 Dustin Byfuglien         Haydn Fleury                                      30     0   3  2  
 3 Nate Schmidt             Kevin Connauton                                   25     0   3  2  
 4 Dustin Byfuglien         Marc Staal                                        15     0   3  2  

PowerPlay Forward 
   Center                   Left Wing                Right Wing               Time % Phy DF OF 
 1 Kyle Turris              Chris Kreider            William Karlsson         50     0   1  4  
 2 Steven Stamkos           David Perron             Pierre-Luc Dubois        50     0   1  4  

PowerPlay Defense
   Defense                  Defense                                           Time % Phy DF OF 
 1 Dustin Byfuglien         Kevin Connauton                                   50     0   2  3  
 2 Shea Theodore            Haydn Fleury                                      50     0   2  3  

Penalty Kill 4 Players Forward 
   Center                   Wing                     Time % Phy DF OF 
 1 Cody Eakin               Matt Nieto               50     0   4  1  
 2 William Karlsson         Wade Megan               50     0   4  1  

Penalty Kill 4 Players Defense
   Defense                  Defense                  Time % Phy DF OF 
 1 Dustin Byfuglien         Marc Staal               50     0   4  1  
 2 Haydn Fleury             Nate Schmidt             50     0   4  1  

Penalty Kill - 3 Players Forward 
   Forward                                           Time % Phy DF OF 
 1 William Karlsson                                  50     0   5  0  
 2 Wade Megan                                        50     0   5  0  

Penalty Kill - 3 Players Defense
   Defense                  Defense                  Time % Phy DF OF 
 1 Marc Staal               Dustin Byfuglien         50     1   4  0  
 2 Haydn Fleury             Matt Nieto               50     1   4  0  

4 vs 4 Forward 
   Center                   Wing                     Time % Phy DF OF 
 1 Cody Eakin               Chris Kreider            50     0   2  3  
 2 Pierre-Luc Dubois        Alex Tuch                50     0   2  3  

4 vs 4 Defense
   Defense                  Defense                  Time % Phy DF OF 
 1 Shea Theodore            Nate Schmidt             50     0   3  2  
 2 Marc Staal               Kevin Connauton          50     0   3  2  

Last Minutes Offensive
   Center                   Left Wing                Right Wing               Defense                  Defense                  
   Steven Stamkos           William Karlsson         David Perron             Kevin Connauton          Dustin Byfuglien         

Last Minutes Defensive
   Center                   Left Wing                Right Wing               Defense                  Defense                  
   Cody Eakin               William Karlsson         Wade Megan               Dustin Byfuglien         Marc Staal               

Goaltenders
Starting : Marc-Andre Fleury        
Backup : J-F Berube               

Extra Forwards
Normal : Steven Stamkos, Kyle Turris, Pierre-Luc Dubois - PP : William Karlsson, Chris Kreider - PK : Oscar Lindberg
Extra Defensemen
Normal : Marc Staal, Nate Schmidt, Kevin Connauton - PP : Shea Theodore - PK : Kevin Connauton, Marc Staal
Penalty Shots
Steven Stamkos, William Karlsson, Dustin Byfuglien, Alex Tuch, David Perron
Custom OT Lines Forwards
Steven Stamkos, William Karlsson, Kyle Turris, Pierre-Luc Dubois, David Perron, Cody Eakin, Chris Kreider, Alex Tuch, Matt Nieto, Tomas Nosek
Custom OT Lines Defensemen
Marc Staal, Nate Schmidt, Dustin Byfuglien, Kevin Connauton, Shea Theodore

Scratches
Brandon Pirri (Healthy), Luca Sbisa (Healthy)

% Time on Ice - Columbus Blue Jackets

Lines # - Real PCT - Wanted PCT - Time Play
Normal Forward
1 - 27% - 28% - 14:17
2 - 27% - 27% - 14:16
3 - 26% - 25% - 13:22
4 - 19% - 20% - 10:06
Normal Defense
1 - 35% - 35% - 18:00
2 - 36% - 35% - 18:31
3 - 28% - 30% - 14:35
4 - 2% - 0% - 0:55
PP Forward
1 - 51% - 50% - 2:02
2 - 49% - 50% - 1:59
PP Defense
1 - 46% - 50% - 1:52
2 - 54% - 50% - 2:09
PK Forward
1 - 42% - 50% - 1:40
2 - 58% - 50% - 2:18
PK Defense
1 - 46% - 50% - 1:50
2 - 54% - 50% - 2:08
PK3 Forward
1 - 0% - 50%
2 - 0% - 50%
PK3 Defense
1 - 0% - 50%
2 - 0% - 50%
44 Forward
1 - 0% - 50%
2 - 0% - 50%
44 Defense
1 - 0% - 50%
2 - 0% - 50%
Last Minute Offensive  - 0:00
Last Minute Defensive  - 0:00
Total
Forward - 60:00
Defense - 60:00

% Time on Ice - Las Vegas Golden Knights

Lines # - Real PCT - Wanted PCT - Time Play
Normal Forward
1 - 26% - 31% - 13:40
2 - 30% - 29% - 15:43
3 - 25% - 25% - 13:05
4 - 18% - 15% - 9:33
Normal Defense
1 - 29% - 30% - 14:59
2 - 30% - 30% - 15:25
3 - 28% - 25% - 14:34
4 - 14% - 15% - 7:03
PP Forward
1 - 45% - 50% - 1:47
2 - 55% - 50% - 2:11
PP Defense
1 - 39% - 50% - 1:32
2 - 61% - 50% - 2:26
PK Forward
1 - 46% - 50% - 1:50
2 - 54% - 50% - 2:11
PK Defense
1 - 53% - 50% - 2:07
2 - 47% - 50% - 1:54
PK3 Forward
1 - 0% - 50%
2 - 0% - 50%
PK3 Defense
1 - 0% - 50%
2 - 0% - 50%
44 Forward
1 - 0% - 50%
2 - 0% - 50%
44 Defense
1 - 0% - 50%
2 - 0% - 50%
Last Minute Offensive  - 0:00
Last Minute Defensive  - 0:00
Total
Forward - 60:00
Defense - 60:00

Play-by-Play

1st period


0:01 of 1st period - Steven Stamkos wins face-off versus Jamie Benn in neutral zone.
0:01 of 1st period - Steven Stamkos is hit by Kevin Hayes.
0:40 of 1st period - Jack Johnson is hit by Chris Kreider and loses puck.
0:59 of 1st period - Slapshot by Devante Smith-Pelly.
0:59 of 1st period - Stopped by Marc-Andre Fleury with a rebound.
1:11 of 1st period - Jamie Benn is hit by Tomas Nosek and loses puck.
1:15 of 1st period - Icing by Kevin Hayes.
1:16 of 1st period - Oscar Lindberg wins face-off versus Jamie Benn in Columbus Blue Jackets zone.
1:29 of 1st period - Snap shot by Oscar Lindberg.
1:29 of 1st period - Shot Hit the Post.
1:31 of 1st period - Wrist shot by Wade Megan.
1:31 of 1st period - Shot Blocked by Ryan Murray.
2:21 of 1st period - Dan Girardi is hit by Dustin Byfuglien and loses puck.
3:10 of 1st period - Steven Stamkos is hit by Alexander Wennberg.
3:20 of 1st period - Nate Schmidt is hit by Mike Hoffman and loses puck.
3:24 of 1st period - Icing by Nate Schmidt.
3:25 of 1st period - David Krejci wins face-off versus Matt Nieto in Las Vegas Golden Knights zone.
3:40 of 1st period - Snap shot by David Krejci.
3:40 of 1st period - Shot Misses the Net.
3:54 of 1st period - Snap shot by David Krejci.
3:54 of 1st period - Shot Misses the Net.
3:56 of 1st period - Wrist shot by Mike Hoffman.
3:56 of 1st period - Deflect By Matt Nieto.
3:56 of 1st period - Shot Blocked by Kevin Connauton.
3:56 of 1st period - Puck is out of play.
3:57 of 1st period - Cody Eakin wins face-off versus Antoine Vermette in Las Vegas Golden Knights zone.
4:22 of 1st period - Justin Braun is hit by David Perron and loses puck.
4:29 of 1st period - Snap shot by William Karlsson.
4:29 of 1st period - Stopped by Sergei Bobrovsky without a rebound.
4:30 of 1st period - Jamie Benn wins face-off versus David Perron in Columbus Blue Jackets zone.
4:30 of 1st period - Jamie Benn is hit by Steven Stamkos.
5:18 of 1st period - Snap shot by Chris Kreider.
5:18 of 1st period - Stopped by Sergei Bobrovsky without a rebound.
5:19 of 1st period - Chris Kreider wins face-off versus David Krejci in Columbus Blue Jackets zone.
5:20 of 1st period - Slapshot by Kyle Turris.
5:20 of 1st period - Deflect By Chris Kreider.
5:20 of 1st period - Stopped by Sergei Bobrovsky without a rebound.
5:21 of 1st period - Kyle Turris wins face-off versus David Krejci in Columbus Blue Jackets zone.
5:30 of 1st period - Wrist shot by Kyle Turris.
5:30 of 1st period - Shot Hit the Post.
6:19 of 1st period - Wrist shot by David Perron.
6:19 of 1st period - Stopped by Sergei Bobrovsky with a rebound.
6:31 of 1st period - David Perron is hit by Stefan Noesen and loses puck.
6:40 of 1st period - Snap shot by Steven Stamkos.
6:40 of 1st period - Stopped by Sergei Bobrovsky with a rebound.
6:42 of 1st period - Wrist shot by William Karlsson.
6:42 of 1st period - Deflect By Christopher Tanev.
6:42 of 1st period - Stopped by Sergei Bobrovsky with a rebound.
6:44 of 1st period - Snap shot by William Karlsson.
6:44 of 1st period - Stopped by Sergei Bobrovsky with a rebound.
6:46 of 1st period - Slapshot by David Perron.
6:46 of 1st period - Stopped by Sergei Bobrovsky with a rebound.
6:48 of 1st period - Slapshot by Dustin Byfuglien.
6:48 of 1st period - Shot Blocked by Dan Girardi.
7:28 of 1st period - Snap shot by David Perron.
7:28 of 1st period - Shot Hit the Post.
7:30 of 1st period - Snap shot by Steven Stamkos.
7:30 of 1st period - Goal by Steven Stamkos - Columbus Blue Jackets : 0 - Las Vegas Golden Knights : 1.
7:31 of 1st period - Cody Eakin wins face-off versus Kevin Hayes in neutral zone.
8:31 of 1st period - Icing by Boone Jenner.
8:32 of 1st period - Alexander Wennberg wins face-off versus Cody Eakin in Columbus Blue Jackets zone.
8:32 of 1st period - Alexander Wennberg is hit by Marc Staal.
9:09 of 1st period - Markus Nutivaara is hit by Shea Theodore.
9:21 of 1st period - Snap shot by Antoine Vermette.
9:21 of 1st period - Shot Blocked by Kevin Connauton.
9:23 of 1st period - Wrist shot by Boone Jenner.
9:23 of 1st period - Stopped by Marc-Andre Fleury without a rebound.
9:24 of 1st period - Alex Tuch wins face-off versus Vinnie Hinostroza in Las Vegas Golden Knights zone.
9:39 of 1st period - Wrist shot by Pierre-Luc Dubois.
9:39 of 1st period - Stopped by Sergei Bobrovsky without a rebound.
9:40 of 1st period - Kyle Turris wins face-off versus Jamie Benn in Columbus Blue Jackets zone.
9:51 of 1st period - Snap shot by Kyle Turris.
9:51 of 1st period - Shot Misses the Net.
10:42 of 1st period - Icing by Vinnie Hinostroza.
10:43 of 1st period - Steven Stamkos wins face-off versus Alexander Wennberg in Columbus Blue Jackets zone.
11:00 of 1st period - Snap shot by Vinnie Hinostroza.
11:00 of 1st period - Shot Blocked by Nate Schmidt.
11:02 of 1st period - Snap shot by Alexander Wennberg.
11:02 of 1st period - Deflect By Boone Jenner.
11:02 of 1st period - Shot Misses the Net.
11:02 of 1st period - Puck is out of play.
11:03 of 1st period - Jamie Benn wins face-off versus Cody Eakin in Las Vegas Golden Knights zone.
11:12 of 1st period - Snap shot by Jamie Benn.
11:12 of 1st period - Stopped by Marc-Andre Fleury with a rebound.
11:14 of 1st period - Slapshot by Kevin Hayes.
11:14 of 1st period - Shot Blocked by Nate Schmidt.
11:18 of 1st period - Wrist shot by Jamie Benn.
11:18 of 1st period - Shot Misses the Net.
12:12 of 1st period - Slapshot by Alexander Wennberg.
12:12 of 1st period - Stopped by Marc-Andre Fleury without a rebound.
12:13 of 1st period - Jamie Benn wins face-off versus William Karlsson in Las Vegas Golden Knights zone.
12:19 of 1st period - Minor Penalty to Dustin Byfuglien for Holding.
12:20 of 1st period - Jamie Benn wins face-off versus Cody Eakin in Las Vegas Golden Knights zone.
12:22 of 1st period - Snap shot by Jamie Benn.
12:22 of 1st period - Goal by Jamie Benn - Columbus Blue Jackets : 1 - Las Vegas Golden Knights : 1.
12:23 of 1st period - Jamie Benn wins face-off versus Kyle Turris in neutral zone.
13:13 of 1st period - Alexander Wennberg is hit by Kevin Connauton.
13:18 of 1st period - Icing by Nate Schmidt.
13:19 of 1st period - Steven Stamkos wins face-off versus Jamie Benn in Las Vegas Golden Knights zone.
13:30 of 1st period - Wrist shot by Steven Stamkos.
13:30 of 1st period - Stopped by Sergei Bobrovsky without a rebound.
13:31 of 1st period - Jamie Benn wins face-off versus Tomas Nosek in Columbus Blue Jackets zone.
13:31 of 1st period - Jamie Benn is hit by Oscar Lindberg.
13:55 of 1st period - Jamie Benn is hit by Cody Eakin and loses puck.
14:02 of 1st period - Snap shot by Cody Eakin.
14:02 of 1st period - Shot Blocked by Jack Johnson.
14:04 of 1st period - Wrist shot by Cody Eakin.
14:04 of 1st period - Stopped by Sergei Bobrovsky without a rebound.
14:05 of 1st period - Antoine Vermette wins face-off versus Kyle Turris in Columbus Blue Jackets zone.
14:27 of 1st period - Icing by Ryan Murray.
14:28 of 1st period - Steven Stamkos wins face-off versus Devante Smith-Pelly in Columbus Blue Jackets zone.
14:29 of 1st period - Wrist shot by David Perron.
14:29 of 1st period - Shot Blocked by Antoine Vermette.
14:31 of 1st period - Slapshot by Shea Theodore.
14:31 of 1st period - Deflect By Steven Stamkos.
14:31 of 1st period - Stopped by Sergei Bobrovsky with a rebound.
14:33 of 1st period - Slapshot by Marc Staal.
14:33 of 1st period - Deflect By Steven Stamkos.
14:33 of 1st period - Shot Misses the Net.
14:33 of 1st period - Puck is out of play.
14:34 of 1st period - Steven Stamkos wins face-off versus Alexander Wennberg in Columbus Blue Jackets zone.
15:01 of 1st period - Cody Eakin is hit by Christopher Tanev and loses puck.
15:25 of 1st period - Matt Nieto is hit by Jack Johnson and loses puck.
15:40 of 1st period - Ryan Murray is hit by Oscar Lindberg and loses puck.
16:56 of 1st period - Wrist shot by Mike Hoffman.
16:56 of 1st period - Stopped by Marc-Andre Fleury without a rebound.
16:57 of 1st period - Steven Stamkos wins face-off versus David Krejci in Las Vegas Golden Knights zone.
17:22 of 1st period - Dan Girardi is hit by Kevin Connauton and loses puck.
18:30 of 1st period - Snap shot by Oscar Lindberg.
18:30 of 1st period - Stopped by Sergei Bobrovsky without a rebound.
18:31 of 1st period - David Krejci wins face-off versus Oscar Lindberg in Columbus Blue Jackets zone.
18:47 of 1st period - David Krejci is hit by Shea Theodore and loses puck.
18:52 of 1st period - Wrist shot by Oscar Lindberg.
18:52 of 1st period - Stopped by Sergei Bobrovsky without a rebound.
18:53 of 1st period - Kyle Turris wins face-off versus Jamie Benn in Columbus Blue Jackets zone.
19:48 of 1st period - Mike Hoffman is hit by Tomas Nosek and loses puck.
Goals for this period are 1 for Columbus Blue Jackets vs 1 for Las Vegas Golden Knights.
Shots for this period are 6 for Columbus Blue Jackets vs 15 for Las Vegas Golden Knights.

2nd period


0:01 of 2nd period - Kyle Turris wins face-off versus Artemi Panarin in neutral zone.
0:08 of 2nd period - Wrist shot by Chris Kreider.
0:08 of 2nd period - Shot Misses the Net.
0:10 of 2nd period - Wrist shot by Marc Staal.
0:10 of 2nd period - Stopped by Sergei Bobrovsky with a rebound.
0:50 of 2nd period - Devante Smith-Pelly is hit by Cody Eakin.
0:53 of 2nd period - Off-side.
0:54 of 2nd period - Jamie Benn wins face-off versus Kyle Turris in neutral zone.
1:43 of 2nd period - Shea Theodore is hit by Stefan Noesen and loses puck.
2:04 of 2nd period - Vinnie Hinostroza is hit by Tomas Nosek and loses puck.
2:17 of 2nd period - Boone Jenner is hit by Tomas Nosek and loses puck.
2:32 of 2nd period - Chris Kreider is hit by Kevin Hayes.
3:06 of 2nd period - Minor Penalty to David Krejci for Hooking.
3:07 of 2nd period - Antoine Vermette wins face-off versus Kyle Turris in Columbus Blue Jackets zone.
3:16 of 2nd period - Devante Smith-Pelly is hit by Chris Kreider and loses puck.
3:47 of 2nd period - Lukas Sedlak is hit by Kevin Connauton and loses puck.
5:01 of 2nd period - Devante Smith-Pelly is hit by Cody Eakin.
5:06 of 2nd period - Penalty to David Krejci is over, David Krejci is back on ice.
5:26 of 2nd period - Haydn Fleury is hit by Lukas Sedlak and loses puck.
6:42 of 2nd period - Shea Theodore is hit by Justin Braun and loses puck.
6:57 of 2nd period - Alexander Wennberg is hit by Pierre-Luc Dubois and loses puck.
7:08 of 2nd period - Oscar Lindberg is hit by David Krejci and loses puck.
8:14 of 2nd period - Chris Kreider is hit by Stefan Noesen and loses puck.
8:54 of 2nd period - Markus Nutivaara is hit by David Perron and loses puck.
9:17 of 2nd period - Vinnie Hinostroza is hit by Chris Kreider.
9:49 of 2nd period - David Perron is hit by Justin Braun and loses puck.
10:11 of 2nd period - Devante Smith-Pelly is hit by Chris Kreider and loses puck.
10:18 of 2nd period - Chris Kreider is hit by Lukas Sedlak.
10:30 of 2nd period - Oscar Lindberg is hit by Stefan Noesen and loses puck.
10:54 of 2nd period - Off-side.
10:55 of 2nd period - Cody Eakin wins face-off versus Alexander Wennberg in neutral zone.
11:01 of 2nd period - Icing by Jack Johnson.
11:02 of 2nd period - Pierre-Luc Dubois wins face-off versus Alexander Wennberg in Columbus Blue Jackets zone.
11:27 of 2nd period - Stefan Noesen is hit by Tomas Nosek and loses puck.
11:40 of 2nd period - Tomas Nosek is hit by Lukas Sedlak and loses puck.
12:09 of 2nd period - Tomas Nosek is hit by Dan Girardi and loses puck.
12:38 of 2nd period - Marc Staal is hit by Stefan Noesen and loses puck.
12:59 of 2nd period - Nate Schmidt is hit by Antoine Vermette and loses puck.
13:18 of 2nd period - Jack Johnson is hit by Alex Tuch and loses puck.
13:27 of 2nd period - Snap shot by Alex Tuch.
13:27 of 2nd period - Shot Misses the Net.
13:44 of 2nd period - Wrist shot by Markus Nutivaara.
13:44 of 2nd period - Stopped by Marc-Andre Fleury with a rebound.
13:46 of 2nd period - Slapshot by Boone Jenner.
13:46 of 2nd period - Stopped by Marc-Andre Fleury without a rebound.
13:47 of 2nd period - Stefan Noesen wins face-off versus Kyle Turris in Las Vegas Golden Knights zone.
13:50 of 2nd period - Snap shot by David Krejci.
13:50 of 2nd period - Shot Misses the Net.
13:54 of 2nd period - Snap shot by David Krejci.
13:54 of 2nd period - Shot Blocked by Nate Schmidt.
13:56 of 2nd period - Wrist shot by Mike Hoffman.
13:56 of 2nd period - Stopped by Marc-Andre Fleury without a rebound.
13:57 of 2nd period - Kyle Turris wins face-off versus Mike Hoffman in Las Vegas Golden Knights zone.
14:12 of 2nd period - Snap shot by Chris Kreider.
14:12 of 2nd period - Deflect By Kyle Turris.
14:12 of 2nd period - Shot Misses the Net.
14:12 of 2nd period - Puck is out of play.
14:13 of 2nd period - Jamie Benn wins face-off versus Steven Stamkos in Columbus Blue Jackets zone.
14:57 of 2nd period - Cody Eakin is hit by Boone Jenner and loses puck.
15:02 of 2nd period - Snap shot by Alexander Wennberg.
15:02 of 2nd period - Stopped by Marc-Andre Fleury without a rebound.
15:03 of 2nd period - Steven Stamkos wins face-off versus Jamie Benn in Las Vegas Golden Knights zone.
15:03 of 2nd period - Steven Stamkos is hit by Kevin Hayes.
15:13 of 2nd period - Slapshot by Shea Theodore.
15:13 of 2nd period - Shot Blocked by Markus Nutivaara.
15:15 of 2nd period - Slapshot by William Karlsson.
15:15 of 2nd period - Stopped by Sergei Bobrovsky with a rebound.
15:17 of 2nd period - Wrist shot by William Karlsson.
15:17 of 2nd period - Stopped by Sergei Bobrovsky with a rebound.
15:19 of 2nd period - Wrist shot by Steven Stamkos.
15:19 of 2nd period - Shot Blocked by Artemi Panarin.
15:29 of 2nd period - Shea Theodore is hit by Boone Jenner and loses puck.
15:56 of 2nd period - Wrist shot by David Krejci.
15:56 of 2nd period - Shot Misses the Net.
16:10 of 2nd period - Antoine Vermette is hit by David Perron and loses puck.
16:31 of 2nd period - Snap shot by Tomas Nosek.
16:31 of 2nd period - Stopped by Sergei Bobrovsky with a rebound.
16:37 of 2nd period - Oscar Lindberg is hit by Kevin Hayes and loses puck.
17:13 of 2nd period - Vinnie Hinostroza is hit by David Perron and loses puck.
17:14 of 2nd period - Vinnie Hinostroza from Columbus Blue Jackets is injured at 17:14 of 2nd period (Right Hand).
17:15 of 2nd period - Alexander Wennberg wins face-off versus Steven Stamkos in Columbus Blue Jackets zone.
17:59 of 2nd period - Icing by Kyle Turris.
18:00 of 2nd period - Jamie Benn wins face-off versus Kyle Turris in Las Vegas Golden Knights zone.
18:24 of 2nd period - Snap shot by Kyle Turris.
18:24 of 2nd period - Shot Blocked by Dan Girardi.
18:44 of 2nd period - Slapshot by Chris Kreider.
18:44 of 2nd period - Shot Misses the Net.
18:46 of 2nd period - Snap shot by Kyle Turris.
18:46 of 2nd period - Stopped by Sergei Bobrovsky with a rebound.
18:48 of 2nd period - Slapshot by Dustin Byfuglien.
18:48 of 2nd period - Shot Blocked by Christopher Tanev.
18:50 of 2nd period - Snap shot by Chris Kreider.
18:50 of 2nd period - Deflect By Kyle Turris.
18:50 of 2nd period - Shot Blocked by Christopher Tanev.
18:50 of 2nd period - Puck is out of play.
18:51 of 2nd period - Steven Stamkos wins face-off versus Jamie Benn in Columbus Blue Jackets zone.
18:52 of 2nd period - Wrist shot by David Perron.
18:52 of 2nd period - Stopped by Sergei Bobrovsky without a rebound.
18:53 of 2nd period - Steven Stamkos wins face-off versus Jamie Benn in Columbus Blue Jackets zone.
19:02 of 2nd period - Wrist shot by Jamie Benn.
19:02 of 2nd period - Stopped by Marc-Andre Fleury without a rebound.
19:03 of 2nd period - Jamie Benn wins face-off versus Steven Stamkos in Las Vegas Golden Knights zone.
19:16 of 2nd period - Snap shot by Steven Stamkos.
19:16 of 2nd period - Stopped by Sergei Bobrovsky without a rebound.
19:17 of 2nd period - Cody Eakin wins face-off versus Mike Hoffman in Columbus Blue Jackets zone.
19:18 of 2nd period - Snap shot by Pierre-Luc Dubois.
19:18 of 2nd period - Shot Misses the Net.
19:24 of 2nd period - Wrist shot by Mike Hoffman.
19:24 of 2nd period - Stopped by Marc-Andre Fleury without a rebound.
19:25 of 2nd period - Alexander Wennberg wins face-off versus Cody Eakin in Las Vegas Golden Knights zone.
19:54 of 2nd period - Wrist shot by Alexander Wennberg.
19:54 of 2nd period - Shot Misses the Net.
Goals for this period are 0 for Columbus Blue Jackets vs 0 for Las Vegas Golden Knights.
Shots for this period are 6 for Columbus Blue Jackets vs 7 for Las Vegas Golden Knights.

3rd period


0:01 of 3rd period - Jamie Benn wins face-off versus Steven Stamkos in neutral zone.
0:04 of 3rd period - Steven Stamkos is hit by Jamie Benn and loses puck.
0:25 of 3rd period - Devante Smith-Pelly is hit by Cody Eakin and loses puck.
0:32 of 3rd period - Wrist shot by Antoine Vermette.
0:32 of 3rd period - Shot Misses the Net.
1:06 of 3rd period - Dan Girardi is hit by Kevin Connauton and loses puck.
1:32 of 3rd period - Snap shot by Steven Stamkos.
1:32 of 3rd period - Shot Blocked by Lukas Sedlak.
1:48 of 3rd period - Snap shot by Alex Tuch.
1:48 of 3rd period - Stopped by Sergei Bobrovsky without a rebound.
1:49 of 3rd period - Antoine Vermette wins face-off versus Steven Stamkos in Columbus Blue Jackets zone.
2:04 of 3rd period - Snap shot by Antoine Vermette.
2:04 of 3rd period - Shot Blocked by David Perron.
2:14 of 3rd period - Steven Stamkos is hit by Boone Jenner and loses puck.
2:22 of 3rd period - Minor Penalty to Steven Stamkos for Hooking.
2:23 of 3rd period - Cody Eakin wins face-off versus David Krejci in Las Vegas Golden Knights zone.
2:23 of 3rd period - Cody Eakin is hit by Boone Jenner.
2:32 of 3rd period - Wrist shot by David Krejci.
2:32 of 3rd period - Deflect By Boone Jenner.
2:32 of 3rd period - Shot Misses the Net.
2:32 of 3rd period - Puck is out of play.
2:33 of 3rd period - David Krejci wins face-off versus Wade Megan in Las Vegas Golden Knights zone.
2:50 of 3rd period - Snap shot by Kevin Hayes.
2:50 of 3rd period - Stopped by Marc-Andre Fleury without a rebound.
2:51 of 3rd period - Cody Eakin wins face-off versus Jamie Benn in Las Vegas Golden Knights zone.
3:04 of 3rd period - Backhand shot by Artemi Panarin.
3:04 of 3rd period - Shot Misses the Net.
3:06 of 3rd period - Snap shot by Jack Johnson.
3:06 of 3rd period - Stopped by Marc-Andre Fleury with a rebound.
3:22 of 3rd period - Snap shot by Cody Eakin.
3:22 of 3rd period - Shot Misses the Net.
3:38 of 3rd period - William Karlsson is hit by Markus Nutivaara and loses puck.
4:22 of 3rd period - Penalty to Steven Stamkos is over, Steven Stamkos is back on ice.
4:47 of 3rd period - Wrist shot by Artemi Panarin.
4:47 of 3rd period - Stopped by Marc-Andre Fleury with a rebound.
5:07 of 3rd period - Snap shot by William Karlsson.
5:07 of 3rd period - Shot Blocked by Jack Johnson.
5:09 of 3rd period - Slapshot by Steven Stamkos.
5:09 of 3rd period - Stopped by Sergei Bobrovsky with a rebound.
5:11 of 3rd period - Snap shot by Marc Staal.
5:11 of 3rd period - Shot Misses the Net.
5:13 of 3rd period - Snap shot by Wade Megan.
5:13 of 3rd period - Shot Blocked by Jamie Benn.
5:15 of 3rd period - Slapshot by Marc Staal.
5:15 of 3rd period - Stopped by Sergei Bobrovsky with a rebound.
5:33 of 3rd period - Snap shot by William Karlsson.
5:33 of 3rd period - Stopped by Sergei Bobrovsky with a rebound.
5:35 of 3rd period - Backhand shot by Dustin Byfuglien.
5:35 of 3rd period - Shot Misses the Net.
5:37 of 3rd period - Snap shot by Steven Stamkos.
5:37 of 3rd period - Goal by Steven Stamkos - Columbus Blue Jackets : 1 - Las Vegas Golden Knights : 2.
5:38 of 3rd period - Cody Eakin wins face-off versus Alexander Wennberg in neutral zone.
5:41 of 3rd period - Ryan Murray is hit by Kevin Connauton and loses puck.
6:15 of 3rd period - Off-side.
6:16 of 3rd period - Antoine Vermette wins face-off versus Kyle Turris in neutral zone.
6:29 of 3rd period - Kevin Connauton is hit by Lukas Sedlak and loses puck.
6:40 of 3rd period - Christopher Tanev is hit by Kevin Connauton and loses puck.
6:48 of 3rd period - Off-side.
6:49 of 3rd period - Alexander Wennberg wins face-off versus Cody Eakin in neutral zone.
7:00 of 3rd period - Wrist shot by Alex Tuch.
7:00 of 3rd period - Shot Misses the Net.
7:02 of 3rd period - Slapshot by Dustin Byfuglien.
7:02 of 3rd period - Shot Blocked by Alexander Wennberg.
7:14 of 3rd period - Christopher Tanev is hit by Chris Kreider and loses puck.
7:19 of 3rd period - Snap shot by Kyle Turris.
7:19 of 3rd period - Goal by Kyle Turris - Columbus Blue Jackets : 1 - Las Vegas Golden Knights : 3.
7:20 of 3rd period - David Krejci wins face-off versus Steven Stamkos in neutral zone.
7:27 of 3rd period - Snap shot by Mike Hoffman.
7:27 of 3rd period - Stopped by Marc-Andre Fleury with a rebound.
7:47 of 3rd period - Snap shot by Kyle Turris.
7:47 of 3rd period - Shot Misses the Net.
7:49 of 3rd period - Snap shot by Kyle Turris.
7:49 of 3rd period - Shot Misses the Net.
7:51 of 3rd period - Slapshot by Dustin Byfuglien.
7:51 of 3rd period - Stopped by Sergei Bobrovsky with a rebound.
7:53 of 3rd period - Slapshot by Chris Kreider.
7:53 of 3rd period - Stopped by Sergei Bobrovsky with a rebound.
7:55 of 3rd period - Slapshot by Matt Nieto.
7:55 of 3rd period - Shot Blocked by Mike Hoffman.
7:57 of 3rd period - Slapshot by Chris Kreider.
7:57 of 3rd period - Shot Misses the Net.
8:25 of 3rd period - Minor Penalty to Pierre-Luc Dubois for Hooking.
8:26 of 3rd period - Jamie Benn wins face-off versus William Karlsson in Las Vegas Golden Knights zone.
8:27 of 3rd period - Slapshot by Artemi Panarin.
8:27 of 3rd period - Shot Misses the Net.
8:29 of 3rd period - Snap shot by Artemi Panarin.
8:29 of 3rd period - Stopped by Marc-Andre Fleury with a rebound.
8:31 of 3rd period - Snap shot by Mike Hoffman.
8:31 of 3rd period - Stopped by Marc-Andre Fleury without a rebound.
8:32 of 3rd period - Jamie Benn wins face-off versus William Karlsson in Las Vegas Golden Knights zone.
8:47 of 3rd period - Snap shot by Jamie Benn.
8:47 of 3rd period - Shot Blocked by Dustin Byfuglien.
9:33 of 3rd period - Slapshot by Nate Schmidt.
9:33 of 3rd period - Stopped by Sergei Bobrovsky without a rebound.
9:34 of 3rd period - Jamie Benn wins face-off versus William Karlsson in Columbus Blue Jackets zone.
10:25 of 3rd period - Penalty to Pierre-Luc Dubois is over, Pierre-Luc Dubois is back on ice.
10:52 of 3rd period - Devante Smith-Pelly is hit by Alex Tuch and loses puck.
11:25 of 3rd period - Slapshot by Haydn Fleury.
11:25 of 3rd period - Shot Blocked by Jack Johnson.
11:27 of 3rd period - Slapshot by Shea Theodore.
11:27 of 3rd period - Deflect By Alex Tuch.
11:27 of 3rd period - Goal by Alex Tuch - Columbus Blue Jackets : 1 - Las Vegas Golden Knights : 4.
11:28 of 3rd period - David Krejci wins face-off versus Steven Stamkos in neutral zone.
11:41 of 3rd period - Snap shot by David Krejci.
11:41 of 3rd period - Stopped by Marc-Andre Fleury with a rebound.
11:43 of 3rd period - Slapshot by Mike Hoffman.
11:43 of 3rd period - Shot Blocked by Dustin Byfuglien.
12:32 of 3rd period - Justin Braun is hit by Oscar Lindberg and loses puck.
13:09 of 3rd period - Alex Tuch is hit by David Krejci and loses puck.
13:30 of 3rd period - Matt Nieto is hit by Boone Jenner and loses puck.
13:41 of 3rd period - Lukas Sedlak is hit by Oscar Lindberg and loses puck.
14:08 of 3rd period - Snap shot by Artemi Panarin.
14:08 of 3rd period - Stopped by Marc-Andre Fleury without a rebound.
14:09 of 3rd period - Cody Eakin wins face-off versus David Krejci in Las Vegas Golden Knights zone.
14:22 of 3rd period - Pierre-Luc Dubois is hit by Mike Hoffman and loses puck.
15:23 of 3rd period - David Krejci is hit by Dustin Byfuglien and loses puck.
15:44 of 3rd period - Snap shot by Chris Kreider.
15:44 of 3rd period - Stopped by Sergei Bobrovsky without a rebound.
15:45 of 3rd period - Alexander Wennberg wins face-off versus Chris Kreider in Columbus Blue Jackets zone.
15:50 of 3rd period - Shea Theodore is hit by Alexander Wennberg and loses puck.
15:57 of 3rd period - Wrist shot by Kyle Turris.
15:57 of 3rd period - Stopped by Sergei Bobrovsky with a rebound.
15:59 of 3rd period - Slapshot by Shea Theodore.
15:59 of 3rd period - Stopped by Sergei Bobrovsky with a rebound.
16:09 of 3rd period - Wrist shot by David Perron.
16:09 of 3rd period - Shot Misses the Net.
16:37 of 3rd period - Snap shot by Stefan Noesen.
16:37 of 3rd period - Stopped by Marc-Andre Fleury with a rebound.
16:52 of 3rd period - Off-side.
16:53 of 3rd period - Cody Eakin wins face-off versus Boone Jenner in neutral zone.
17:09 of 3rd period - Minor Penalty to Devante Smith-Pelly for High sticking.
17:10 of 3rd period - Antoine Vermette wins face-off versus David Perron in Columbus Blue Jackets zone.
17:35 of 3rd period - Chris Kreider is hit by Lukas Sedlak and loses puck.
18:16 of 3rd period - Pierre-Luc Dubois is hit by Lukas Sedlak and loses puck.
19:01 of 3rd period - Icing by Steven Stamkos.
19:02 of 3rd period - Steven Stamkos wins face-off versus Boone Jenner in Las Vegas Golden Knights zone.
19:07 of 3rd period - Justin Braun is hit by David Perron and loses puck.
19:09 of 3rd period - Penalty to Devante Smith-Pelly is over, Devante Smith-Pelly is back on ice.
19:18 of 3rd period - Slapshot by Artemi Panarin.
19:18 of 3rd period - Deflect By David Perron.
19:18 of 3rd period - Stopped by Marc-Andre Fleury without a rebound.
19:19 of 3rd period - Kyle Turris wins face-off versus David Krejci in Las Vegas Golden Knights zone.
19:30 of 3rd period - Snap shot by David Krejci.
19:30 of 3rd period - Stopped by Marc-Andre Fleury without a rebound.
19:31 of 3rd period - Kyle Turris wins face-off versus David Krejci in Las Vegas Golden Knights zone.
19:36 of 3rd period - Slapshot by Dustin Byfuglien.
19:36 of 3rd period - Shot Blocked by Mike Hoffman.
Goals for this period are 0 for Columbus Blue Jackets vs 3 for Las Vegas Golden Knights.
Shots for this period are 11 for Columbus Blue Jackets vs 13 for Las Vegas Golden Knights.